 Dungeon Crawl Stone Soup version 0.18-a0-1273-g8ec5f8e (webtiles) character file.

322 M4edhros the Sneak (level 6, 0/38 HPs)
             Began as an Octopode Artificer on Feb 8, 2016.
             Succumbed to an adder's poison
             ... on level 4 of the Dungeon.
             The game lasted 00:03:23 (3300 turns).

M4edhros the Sneak (Octopode Artificer)             Turns: 3300, Time: 00:03:23

Health: 0/38       AC:  1    Str: 10    XL:     6   Next: 47%
Magic:  9/9        EV: 13    Int: 22    God:
Gold:   298        SH:  0    Dex: 12    Spells: 0 memorised, 5 levels left

rFire  . . .     SeeInvis .     a - +0 short sword
rCold  . . .     Gourm    .     (no shield)
rNeg   . . .     Faith    .     (helmet restricted)
rPois  .         Spirit   .     (no amulet)
rElec  .         Dismiss  .     s - ring of loudness (curse)
rCorr  .         Reflect  .     (no ring)
SustAt .         Harm     .     (no ring)
MR     .....                    (no ring)
Stlth  +++.......               (no ring)
                                (no ring)
                                (no ring)
                                (no ring)

@: brilliant, lethally poisoned (0 -> -1), flying, very slightly contaminated,
hasted, invisible, very quick, not resistant to hostile enchantments, fairly
stealthy
A: almost no armour, amphibious, 8 rings, constrict 8, camouflage 1, gelatinous
body 1
a: no special abilities


You were on level 4 of the Dungeon.
You were near starving.

You visited 1 branch of the dungeon, and saw 4 of its levels.

You collected 298 gold pieces.

Inventory:

Hand Weapons
 a - a +0 short sword (weapon)
Missiles
 p - 33 sling bullets
Jewellery
 s - a cursed ring of loudness (left tentacle)
Wands
 b - a wand of flame (2/48)
 c - a wand of enslavement (15/24)
 d - a wand of random effects (11/48)
Scrolls
 e - 10 scrolls of identify {unknown}
 g - 6 scrolls of remove curse {unknown}
 i - 3 scrolls of blinking {unknown}
 j - a scroll of amnesia {unknown}
 m - 2 scrolls of enchant weapon {unknown}
Potions
 k - a potion of brilliance
 n - a potion of invisibility
 r - a potion of cure mutation
Comestibles
 f - 2 bread rations
 h - 2 slices of pizza
 o - 5 fruits
 t - 2 beef jerkies


   Skills:
 - Level 1.0 Fighting
 - Level 1.0 Short Blades
 * Level 4.4 Dodging
 * Level 6.1 Stealth
 + Level 4.2 Evocations


You had 5 spell levels left.
You didn't know any spells.

Dungeon Overview and Level Annotations

Branches:
Dungeon (4/15)
 Temple: D:4-7

Altars:


Innate Abilities, Weirdness & Mutations

You cannot wear most types of armour.
You are amphibious.
You can wear up to eight rings at the same time.
You can use your tentacles to constrict eight enemies at once.
Your skin changes colour to match your surroundings (Stealth).
Your rubbery body absorbs attacks (AC +1).


Message History

It was a potion of flight.
You feel very buoyant.
You fly up into the air.
You see here an adder corpse.
* * * LOW HITPOINT WARNING * * *
You feel sick.
You see here an adder corpse.
You butcher the adder corpse.
Unknown command.
* * * LOW HITPOINT WARNING * * *
You feel sick.
You are fainting from starvation!
You see here 2 chunks of flesh.
There are no items here.
You see here 2 chunks of flesh.
Eat one of 2 chunks of flesh? (ye/n/q/i?) This raw flesh tastes terrible.
You are near starving!
You continue eating. x2
You die...

.... #.# ....
#.# #+#.# #.#
#.# #.# . #[#
..#########.#
...........#
.##.......@##
...........+
#........#
#........#
#......>.#
##########


There were no monsters in sight!

Vanquished Creatures
  A phantom (D:4)
  A scorpion (D:4)
  A hound (D:4)
  A worker ant (D:4)
  A hound skeleton (D:3)
  3 adders
  2 oozes (D:1)
  A worm (D:3)
  3 giant geckos
  5 orcs (D:3)
  2 giant cockroaches
  6 goblins
  9 hobgoblins
  4 jackals (D:2)
  8 kobolds
  5 quokkas
  8 bats
  2 giant newts
  9 rats
72 creatures vanquished.

Notes
Turn   | Place    | Note
--------------------------------------------------------------
     0 | D:1      | M4edhros the Octopode Artificer began the quest for the Orb.
     0 | D:1      | Reached XP level 1. HP: 13/13 MP: 3/3
    81 | D:1      | Reached XP level 2. HP: 13/18 MP: 4/4
   396 | D:1      | Reached XP level 3. HP: 7/23 MP: 5/5
  1200 | D:2      | Reached XP level 4. HP: 24/28 MP: 6/6
  1601 | D:3      | Reached skill level 4 in Stealth
  2421 | D:3      | Reached XP level 5. HP: 17/33 MP: 7/7
  2590 | D:4      | Noticed a phantom
  2620 | D:4      | Killed a phantom
  2620 | D:4      | Reached skill level 5 in Stealth
  2620 | D:4      | Reached XP level 6. HP: 16/38 MP: 7/9
  3280 | D:4      | Reached skill level 6 in Stealth
  3288 | D:4      | HP: 1/38 [poisoned by an adder]
  3294 | D:4      | HP: 1/38 [poisoned by an adder]
  3300 | D:4      | Succumbed to an adder's poison

Vault maps used:
D:1:      dpeg_arrival_ratfight
D:2:      kennysheep_doodads, minmay_misc_feat_room
D:4:      first_bread

Action                   |  1- 3 |  4- 6 || total
-------------------------+-------+-------++-------
Melee: Short sword       |    70 |    94 ||   164
Evoke: Wand              |       |    17 ||    17
  Use: Potion            |       |     5 ||     5
 Stab: Sleeping          |    10 |    11 ||    21
  Eat: Chunk             |       |     6 ||     6
